 Dungeon Crawl Stone Soup version 0.28-a0-851-g8b9cc49659 (webtiles) character file.

Game seed: 4577822703030767204

96 ragingrage the Sneak (level 4, 0/35 HPs)
             Began as a Merfolk Brigand on Nov 14, 2021.
             Slain by a gnoll (7 damage)
             ... on level 2 of the Dungeon.
             The game lasted 00:02:25 (1488 turns).

ragingrage the Sneak (Merfolk Brigand)              Turns: 1488, Time: 00:02:26

Health: 0/35       AC:  3    Str: 12    XL:     4   Next: 67%
Magic:  4/4        EV:  7    Int: 10    God:
Gold:   27         SH:  0    Dex: 15    Spells: 3/3 levels left

rFire   + . .      SeeInvis .   a - +2 dagger
rCold   . . .      Faith    .   (no shield)
rNeg    . . .      Spirit   .   b - +0 robe
rPois   .          Reflect  .   (no helmet)
rElec   .          Harm     .   c - +0 cloak
rCorr   .          Rampage  .   (no gloves)
Will    .....                   (no boots)
Stlth   +++.......              (no amulet)
HPRegen 0.11/turn               f - ring of protection from fire
MPRegen 0.09/turn               (no ring)

@: held
A: (nimble swimmer 2), mertail
a: no special abilities


You were on level 2 of the Dungeon.
You visited 1 branch of the dungeon, and saw 2 of its levels.

You collected 27 gold pieces.

Inventory:

Hand Weapons
 a - a +2 dagger (weapon)
Missiles
 e - 2 curare-tipped darts
 j - 2 boomerangs (quivered)
Armour
 b - a +0 robe (worn)
 c - a +0 cloak (worn)
Jewellery
 f - a ring of protection from fire (left hand)
Scrolls
 g - 4 scrolls of identify {unknown}
 h - a scroll of noise {unknown}
 l - a scroll of teleportation {unknown}
Potions
 i - a potion of curing {unknown}
 k - a potion of mutation {unknown}


   Skills:
 + Level 3.4 Fighting
 - Level 2.4 Short Blades
 + Level 3.1 Throwing
 + Level 3.4 Dodging
 - Level 4.3 Stealth


You had 3 spell levels left.
You didn't know any spells.
Your spell library was empty.

Dungeon Overview and Level Annotations

Branches:
Dungeon (2/15)

Altars:


Innate Abilities, Weirdness & Mutations

((You are quick and stealthy near water. (Stealth+, EV+, Speed+++)))
Your lower body shifts to a powerful aquatic tail in water.


Message History

The gnoll barely misses you.
Throw: 2 boomerangs
Press: ? - help, Q - select action, (/) - cycle Shift-Dir - straight line, f/p - gnoll
Aim: a gnoll, wielding a +0 spear (moderately wounded, poisoned, 64% to hit)
You throw a boomerang.
The boomerang hits the gnoll but does no damage.
The gnoll is moderately wounded.
The gnoll hits you from afar with a +0 spear!
* * * LOW HITPOINT WARNING * * *
Throw: 2 boomerangs
Press: ? - help, Q - select action, (/) - cycle Shift-Dir - straight line, f/p - gnoll
Aim: a gnoll, wielding a +0 spear (moderately wounded, poisoned, 64% to hit)
You throw a boomerang. The boomerang hits the gnoll.
The gnoll is heavily wounded.
The gnoll misses you.
Throw: 2 boomerangs
Press: ? - help, Q - select action, (/) - cycle Shift-Dir - straight line, f/p - gnoll
Aim: a gnoll, wielding a +0 spear (severely wounded, poisoned, 64% to hit)
You throw a boomerang.
The boomerang completely misses the gnoll.
The boomerang hits the gnoll.
The gnoll is lightly wounded.
The gnoll closely misses you.
Throw: 2 boomerangs
Press: ? - help, Q - select action, (/) - cycle Shift-Dir - straight line, f/p - gnoll
Aim: a gnoll, wielding a +0 spear (severely wounded, poisoned, 64% to hit)
You throw a boomerang. The boomerang hits the gnoll.
You kill the gnoll!
Throw: 2 boomerangs
Press: ? - help, Q - select action, (/) - cycle Shift-Dir - straight line, f - gnoll
Aim: a gnoll, wielding a +0 spear and quivering a throwing net (lightly wounded, 64% to hit)
You throw a boomerang. The boomerang hits the gnoll.
The gnoll is heavily wounded.
The gnoll throws a throwing net.
The throwing net hits you.
You become entangled in the net!
You cannot throw anything while held in a net.
Unknown command.
You tear a large gash into the net.
The gnoll hits you from afar with a +0 spear!
You die...

######## #......# #......#
########......#
#(g.@.##......#
######(###.##......#
#....#(#...........#
#....#(#.#.##......#######
#....#g#.#.##.............
#.....g#.#.###############
#......#.#.# ..
#......#.#.# #
#....#.#.#.#


You could see a gnoll.

Vanquished Creatures
  7 gnolls (D:2)
  A dart slug (D:1)
  A ball python (D:2)
  2 bats
  4 endoplasms
  3 giant cockroaches (D:1)
  3 hobgoblins
  A quokka (D:1)
  A frilled lizard (D:2)
  2 goblins
  A kobold (D:2)
  A rat (D:1)
27 creatures vanquished.

Notes
Turn   | Place    | Note
-------+----------+-------------------------------------------
     0 | D:1      | ragingrage the Merfolk Brigand began the quest for the Orb.
     0 | D:1      | Reached XP level 1. HP: 16/16 MP: 1/1
    48 | D:1      | Reached XP level 2. HP: 6/23 MP: 2/2
   297 | D:1      | Found a faded altar of an unknown god.
   854 | D:1      | Reached XP level 3. HP: 14/28 MP: 3/3
  1198 | D:2      | Reached XP level 4. HP: 14/35 MP: 4/4
  1488 | D:2      | Slain by a gnoll

Illustrated notes

Levels and vault maps discovered:
D:1:      dpeg_arrival_fog, layout_basic, hellmonk_ecumenical_altar_blasted
D:2:      layout_basic

Skill      XL: |  1  2  3  4 |
---------------+-------------+-----
Dodging        | 2 3 |  3.4
Fighting       | 3 |  3.4
Throwing       | 3 |  3.1
Short Blades   | |  2.4
Stealth        | |  4.3

Action                   |  1- 3 |  4- 6 || total
-------------------------+-------+-------++-------
Melee: Dagger            |    61 |     2 ||    63
Throw: Boomerang         |    13 |     8 ||    21
       Dart              |    10 |     8 ||    18
 Stab: Sleeping          |     4 |       ||     4
Armor: Robe              |    18 |       ||    18
Dodge: Dodged            |    43 |     6 ||    49

Table legend: (Time is in decaauts)
 A = Elapsed time spent in this place.
 B = Non-inter-level travel time spent in this place.
 C = Inter-level travel time spent in this place.
 D = Time resting spent in this place.
 E = Time spent auto-exploring this place.
 F = Levels seen in this place.
 G = Mean time per level.
                   A        B        C        D        E       F      G
               +--------+--------+--------+--------+--------+-----+--------+
         Total |   1481 |   1418 |     63 |    274 |    872 |   2 |  740.5 |
       Dungeon |   1481 |   1418 |     63 |    274 |    872 |   2 |  740.5 |
               +--------+--------+--------+--------+--------+-----+--------+

Top non-repeatable levels by time:
     D:1: 773 daAuts
     D:2: 707 daAuts
